 Dungeon Crawl Stone Soup version 0.30-a0-949-g53dc5368d7 (webtiles) character file.

Game seed: 5689183251945800859

243 miket3c the Shooter (level 5, -3/27 HPs)
             Began as a Spriggan Hunter on Mar 27, 2023.
             Killed by divine providence
             ... invoked by an orc priest
              (10 damage)
             ... on level 4 of the Dungeon.
             The game lasted 00:06:27 (2984 turns).

miket3c the Shooter (Spriggan Hunter)               Turns: 2984, Time: 00:06:27

Health: -3/27      AC:  3    Str:  7    XL:     5   Next: 82%
Magic:  6/6        EV: 20    Int: 10    God:
Gold:   116        SH:  0    Dex: 21    Spells: 4/4 levels left

rFire   . . .      SeeInvis +    a - +0 shortbow
rCold   . . .      Faith    .    (shield currently unavailable)
rNeg    . . .      Spirit   .    c - +1 robe
rPois   .          Reflect  .    (helmet restricted)
rElec   .          Rampage  .    (no cloak)
rCorr   .                        (gloves unavailable)
Will    .....                    (boots unavailable)
Stlth   +++                      h - amulet of magic regeneration
HPRegen 0.24/turn                (no ring)
MPRegen 0.50/turn                (no ring)

@: about to teleport, very quick
A: very small, no large weapons, unfitting armour, see invisible, speed 3
a: no special abilities


You were on level 4 of the Dungeon.
You visited 1 branch of the dungeon, and saw 4 of its levels.

You collected 116 gold pieces.

Inventory:

Hand Weapons
 a - a +0 shortbow (weapon)
Armour
 c - a +1 robe (worn)
Jewellery
 d - a ring of flight
 h - an amulet of magic regeneration (around neck)
Wands
 i - a wand of roots (14)
 o - a wand of flame (18)
Scrolls
 b - a scroll of immolation
 k - 2 scrolls of teleportation
 m - a scroll of vulnerability {unknown}
Potions
 e - 2 potions of attraction {unknown}
 f - 3 potions of might
 g - 5 potions of curing
 j - 2 potions of mutation
 l - a potion of lignification {unknown}
 n - a potion of brilliance {unknown}


   Skills:
 + Level 2.6 Fighting
 * Level 5.4 Ranged Weapons
 + Level 4.3 Dodging
 + Level 4.2 Stealth


You had 4 spell levels left.
You didn't know any spells.
Your spell library contained the following spells:

 Spells                   Type           Power      Damage    Failure   Level
 Inner Flame              Hex/Fire       0%         N/A       75%         3
 Flame Wave               Conj/Fire      0%         2d4       98%         4
 Sticky Flame             Conj/Fire      0%         2d3       98%         4


Dungeon Overview and Level Annotations

Branches:
Dungeon (4/15)
 Temple: D:4-7

Altars:
Dithmenos

Annotations:
D:1 Ijyb
D:4 Grinder


Innate Abilities, Weirdness & Mutations

You are very small and have problems with some larger weapons.
You are too small for most types of armour.
You have supernaturally acute eyesight. (SInv)
You cover ground extremely quickly. (Speed+++)


Message History

You kill the orc!
No target in view!
Found 8 stones.
k - 3 scrolls of teleportation (gained 1)
An orc priest comes into view. It is wielding a +0 mace.
You shoot an arrow. The arrow hits the orc priest!
The orc priest is severely wounded.
An endoplasm comes into view.
You shoot an arrow. The arrow hits the orc priest.
You kill the orc priest!
You shoot an arrow. The arrow hits the endoplasm!
You kill the endoplasm!
No target in view!
Grinder comes into view.
Found a scroll of magic mapping and 11 gold pieces.
You shoot an arrow. The arrow hits Grinder!
Grinder shouts!
Grinder is moderately wounded.
An adder comes into view.
You shoot an arrow. The arrow barely misses Grinder.
You shoot an arrow. The arrow hits Grinder.
Grinder is moderately wounded.
You shoot an arrow. The arrow hits Grinder.
Grinder is moderately wounded.
An orc priest comes into view. It is wielding a +0 hand axe.
Grinder gestures at you. Pain shoots through your body!
You shoot an arrow. The arrow barely misses Grinder.
The arrow closely misses the adder.
The orc priest shouts!
The orc priest invokes the aid of Beogh against you.
Beogh smites you!
* * * LOW HITPOINT WARNING * * *
Grinder blinks!
Grinder blinks!
As you read the scroll of teleportation, it crumbles to dust.
You feel strangely unstable.
The orc priest calls down the wrath of Beogh upon you.
Beogh smites you!
You die...

.......).(...............##
...o..................##.##
...)......>.# #.........
.)..........#.##.##.##.....
............#.##.##..##....
.#.......5.##.##.# #..#....
##...#..S###.##.####......
#####..........##)......#
....§...@.........##....#
###.............)........
#.......†......###.....
................# ##....
.##..............# #....
#..............# #....
##............## ####
##..........## ############


You could see Grinder, an orc priest and an adder.

Vanquished Creatures
  A hound (D:4)
  An orc priest (D:4)
  An iguana (D:4)
  Jessica (D:2)
  4 adders (D:3)
  4 worms (D:3)
  2 dart slugs (D:1)
  2 orcs (D:4)
  14 endoplasms
  12 goblins
  4 hobgoblins
  2 jackals (D:3)
  8 kobolds
  5 quokkas
  7 ball pythons
  4 bats
  A frilled lizard (D:1)
  4 rats (D:1)
77 creatures vanquished.

Notes
Turn   | Place    | Note
-------+----------+-------------------------------------------
     0 | D:1      | miket3c the Spriggan Hunter began the quest for the Orb.
     0 | D:1      | Reached XP level 1. HP: 10/10 MP: 2/2
   306 | D:1      | Reached XP level 2. HP: 15/15 MP: 3/3
   461 | D:1      | Found a faded altar of an unknown god.
   720 | D:1      | Reached XP level 3. HP: 18/18 MP: 4/4
  1180 | D:2      | Noticed Jessica
  1422 | D:2      | Noticed Ijyb
  1426 | D:2      | Paralysed by Ijyb for 5 turns
  1452 | D:2      | Paralysed by Ijyb for 4 turns
  1692 | D:2      | Killed Jessica
  1693 | D:2      | Reached XP level 4. HP: 8/23 MP: 5/5
  2453 | D:3      | Reached skill level 5 in Ranged Weapons
  2545 | D:3      | Reached XP level 5. HP: 27/27 MP: 6/6
  2824 | D:4      | Found a shadowy altar of Dithmenos.
  2973 | D:4      | Noticed Grinder
  2984 | D:4      | Killed from afar by an orc priest

Illustrated notes

Levels and vault maps discovered:
D:1:      lightli_arrival_maybe_door_vault, layout_loops_ring,
          shapermc_ecumenical_altar_ellora, minmay_circled_x
D:2:      kennysheep_the_goblin_king, layout_basic, uniq_jessica
D:3:      layout_rooms, minmay_misc_feat_roman
D:4:      layout_rooms, mainiacjoe_overflow_six_doors_small,
          kennysheep_generic_room_13, uniq_grinder

Skill      XL: |  1  2  3  4  5 |
---------------+----------------+-----
Stealth        | 2 3 4 |  4.2
Dodging        | 3 4 |  4.3
Fighting       | 2 |  2.6
Ranged Weapons | 5 |  5.4

Action                     |  1- 3 |  4- 6 || total
---------------------------+-------+-------++-------
   Fire: Shortbow          |   100 |   108 ||   208
    Use: Scroll            |       |     9 ||     9
 Armour: Robe              |     1 |     2 ||     3
  Dodge: Dodged            |    27 |    21 ||    48

Table legend: (Time is in decaauts)
 A = Elapsed time spent in this place.
 B = Non-inter-level travel time spent in this place.
 C = Inter-level travel time spent in this place.
 D = Time resting spent in this place.
 E = Time spent auto-exploring this place.
 F = Levels seen in this place.
 G = Mean time per level.
                   A        B        C        D        E       F      G
               +--------+--------+--------+--------+--------+-----+--------+
         Total |   2170 |   2114 |     56 |    474 |   1111 |   4 |  542.5 |
       Dungeon |   2170 |   2114 |     56 |    474 |   1111 |   4 |  542.5 |
               +--------+--------+--------+--------+--------+-----+--------+

Top non-repeatable levels by time:
     D:2: 821 daAuts
     D:1: 702 daAuts
     D:3: 497 daAuts
     D:4: 149 daAuts
